 Dungeon Crawl Stone Soup version 0.15-a0-877-g2926600 (webtiles) character file.

3264 zordlon the Covert (level 10, -9/58 HPs)
             Began as a Kobold Assassin on May 17, 2014.
             Was a Priest of Nemelex Xobeh.
             Mangled by Champion's ghost (12 damage)
             ... on Level 8 of the Dungeon.
             The game lasted 00:53:46 (7385 turns).

zordlon the Covert (Kobold Assassin)                Turns: 7385, Time: 00:53:46

HP  -9/58        AC 13     Str 12      XL: 10   Next: 19%
MP  11/11        EV 19     Int 12      God: Nemelex Xobeh [***...]
Gold 129         SH  0     Dex 19      Spells:  0 memorised,  9 levels left

rFire  . . .     SeeInvis .     a - +3,+4 dagger
rCold  + . .     Clarity  .     q - +3 leather armour {rC+}
rNeg   . . .     Conserve .     (no shield)
rPois  .         rCorr    .     (no helmet)
rElec  .         rRot     .     d - +2 cloak
SustAb .         Spirit   .     R - +0 pair of gloves
rMut   .         Warding  .     n - +2 pair of boots
Gourm  .         Stasis   .     (no amulet)
MR     .....                    m - +0,+6 ring of slaying
                                A - +3 ring of intelligence

@: very slightly contaminated, not resistant to hostile enchantments, quite
stealthy
A: disease resistance, carnivore 3
a: Draw One, Peek at Two, Triple Draw, Renounce Religion


You were on level 8 of the Dungeon.
You worshipped Nemelex Xobeh.
Nemelex Xobeh was most pleased with you.
You were very full.

You visited 2 branches of the dungeon, and saw 10 of its levels.

You collected 354 gold pieces.
You spent 225 gold pieces at shops.

Inventory:

Hand weapons
 a - a +3,+4 dagger (weapon)
 b - a +0 blowgun
 i - a +0,+2 shortbow
 j - a +0,+0 dagger
 z - a +2,+3 dagger
 F - a +1,+3 trident of freezing
 I - a +0,+0 flail of holy wrath
 P - a +2,+4 dagger
 Q - a +1,+2 spear of venom
Missiles
 e - 25 poisoned needles
 f - 2 curare-tipped needles
 k - 5 arrows of frost
 o - 11 arrows of dispersal
 E - 6 darts (quivered)
 G - 5 exploding darts
 O - 4 arrows
Armour
 c - a +0 robe
 d - a +2 cloak (worn)
 n - a +2 pair of boots (worn)
 q - a +3 leather armour of cold resistance (worn)
 L - a +9 plate armour of ponderousness
 R - a +0 pair of gloves (worn)
 T - a cursed +0 chain mail
Magical devices
 l - a wand of magic darts (5) {unknown}
 p - a wand of frost (15) {unknown}
 H - a wand of frost (7) {unknown}
Comestibles
 g - 4 meat rations
 C - a pear
 J - an apple
Scrolls
 r - 2 scrolls of fear
 u - a scroll of enchant armour
 x - 3 scrolls of fog
 y - 3 scrolls of remove curse
 V - a scroll of vulnerability {unknown}
Jewellery
 m - a +0,+6 ring of slaying (right hand)
 A - a +3 ring of intelligence (left hand)
 M - an uncursed ring of fire
 N - an uncursed ring of protection from fire {unknown}
Potions
 t - a potion of restore abilities {unknown}
 B - a potion of agility
 D - 2 potions of resistance
 K - a potion of brilliance {unknown}
Miscellaneous
 h - a legendary deck of wonders {drawn: 2}
 U - a plain deck of summonings
Rods
 w - a +0 rod of destruction (13/13)
   (You found it on level 4 of the Dungeon)


   Skills:
 + Level 4.6 Fighting
 + Level 7.4 Short Blades
 + Level 9.1 Throwing
 + Level 2.7 Armour
 + Level 8.2 Dodging
 + Level 10.3 Stealth
 - Level 1.1 Evocations


You had 9 spell levels left.
You didn't know any spells.

Dungeon Overview and Level Annotations

Branches:
Dungeon (9/15)             Temple (1/1) D:5
    Orc: D:9-12        Lair: D:8-11

Altars:
Cheibriados
Elyvilon
Fedhas
Gozag
Kikubaaqudgha
Nemelex Xobeh
Okawaru
Sif Muna
Vehumet
Zin
The Shining One

Shops:
D:4 :   D:6 *

Annotations:
D:8 Champion's ghost, experienced OgFi


Innate Abilities, Weirdness & Mutations

You recuperate from illness quickly.
You are small and have problems with some larger weapons.
You are carnivorous and can eat meat at any time.


Message History

Champion's ghost lets out a mournful wail.
Champion's ghost hits you but does no damage.
Champion's ghost says, "I was promised divine protection.
So much for that."
A wight comes into view. It is wielding a glowing scimitar.
A wight comes into view. It is wielding a trident.
Drink which item? (? for menu, Esc to quit)
Okay, then.
Drink which item? (? for menu, Esc to quit)
Okay, then.
Read which item? (? for menu, Esc to quit)
As you read the scroll of fog, it crumbles to dust.
The scroll dissolves into smoke.
Champion's ghost hits you.
* * * LOW HITPOINT WARNING * * *
An orc comes into view. It is wielding a flail.
Champion's ghost barely misses you.
Found 15 gold pieces.
Champion's ghost hits you!
You die...
Your body disappears without a glow.

#.$. .......... ....
.......... ...# ..######..
#o.# . #.. #..# #.. #.. #.
#..# #..# #..
#..####..######..######..
......................(...
.........@.....)..........
..######W.####...[....####
#..# #........# #..#
#........# #..# #........#
#..# #........#
..######§§####........## #
...z..§§§§§................
..z...§§§§§................


You could see Champion's ghost and an orc (sleeping).

Vanquished Creatures
  A shadow (D:6)
  A yak (D:8)
  A wyvern (D:9)
  A water moccasin (D:6)
  An orc warrior (D:8)
  A black bear (D:7)
  5 ogres
  A phantom (D:7)
  A big kobold (D:8)
  4 centaurs
  5 giant frogs
  A scorpion (D:3)
  9 wights
  3 crimson imps
  5 hounds
  A centaur zombie (D:5)
  A black bear skeleton (D:4)
  An iguana (D:7)
  5 orc wizards
  A big fish (D:6)
  A worker ant (D:7)
  An orc priest (D:5)
  Ijyb (D:2)
  Jessica (D:2)
  An ogre zombie (D:6)
  Terence (D:2)
  A mummy (D:6)
  4 gnolls (D:6)
  4 adders
  4 shadow imps
  A worm zombie (D:6)
  A giant mite (D:6)
  4 worms
  4 giant geckos
  An ooze (D:2)
  22 orcs
  6 giant cockroaches
  10 hobgoblins
  4 jackals (D:6)
  16 kobolds
  5 quokkas
  3 ball pythons
  10 bats
  5 giant newts
  A giant spore (D:7)
  9 goblins
  2 kobold skeletons
  An orc skeleton (D:4)
  An orc zombie (D:5)
  A quokka zombie (D:6)
  8 rats
  A rat skeleton (D:6)
184 creatures vanquished.

Vanquished Creatures (others)
  A bat (D:9)
1 creature vanquished.

Grand Total: 185 creatures vanquished

Notes
Turn   | Place    | Note
--------------------------------------------------------------
     0 | D:1      | zordlon, the Kobold Assassin, began the quest for the Orb.
     0 | D:1      | Reached XP level 1. HP: 12/12 MP: 1/1
   241 | D:1      | Reached XP level 2. HP: 7/17 MP: 2/2
   883 | D:1      | Reached skill level 6 in Stealth
  1150 | D:2      | Noticed Ijyb
  1152 | D:2      | Killed Ijyb
  1152 | D:2      | Reached XP level 3. HP: 20/22 MP: 3/3
  1336 | D:2      | Noticed Jessica
  1349 | D:2      | Killed Jessica
  1349 | D:2      | Reached XP level 4. HP: 20/27 MP: 4/4
  1381 | D:2      | Reached skill level 7 in Stealth
  1548 | D:2      | Noticed Terence
  1551 | D:2      | Killed Terence
  1649 | D:2      | Reached XP level 5. HP: 31/31 MP: 5/5
  2034 | D:3      | Reached skill level 8 in Stealth
  2366 | D:4      | Reached XP level 6. HP: 36/36 MP: 6/6
  2461 | D:4      | Found Kliu's Book Boutique.
  2940 | D:4      | Found a glowing golden altar of the Shining One.
  3092 | D:5      | Entered Level 5 of the Dungeon
  3102 | D:5      | Reached XP level 7. HP: 35/40 MP: 7/7
  3217 | D:5      | Got a pitted lead amulet
  3271 | D:5      | Reached skill level 9 in Stealth
  3340 | D:5      | Reached skill level 1 in Armour
  3485 | D:5      | Found a staircase to the Ecumenical Temple.
  3506 | Temple   | Entered the Ecumenical Temple
  3551 | Temple   | Became a worshipper of Nemelex Xobeh the Trickster
  3564 | Temple   | Received a gift from Nemelex Xobeh
  3761 | D:5      | Identified the amulet "Jeuc" {Inacc rF+ rN+} (You found it on level 5 of the Dungeon)
  3777 | D:5      | Acquired Nemelex Xobeh's first power
  4269 | D:6      | Reached skill level 5 in Throwing
  4393 | D:6      | Reached skill level 1 in Evocations
  4393 | D:6      | Reached XP level 8. HP: 46/46 MP: 7/9
  4575 | D:6      | Found a deep blue altar of Sif Muna.
  4914 | D:6      | Noticed a shadow
  4916 | D:6      | Reached skill level 5 in Dodging
  4927 | D:6      | Killed a shadow
  4927 | D:6      | Reached skill level 5 in Short Blades
  5237 | D:6      | Found Giekh's Assorted Antiques.
  5256 | D:6      | Bought a potion of heal wounds for 69 gold pieces
  5256 | D:6      | Bought a garnet ring for 115 gold pieces
  5256 | D:6      | Bought 2 fizzy blue potions for 41 gold pieces
  5285 | D:6      | Reached XP level 9. HP: 47/51 MP: 10/10
  5479 | D:7      | Found an ancient bone altar of Kikubaaqudgha.
  5497 | D:7      | Acquired Nemelex Xobeh's second power
  5619 | D:7      | Found a radiant altar of Vehumet.
  5624 | D:7      | Reached skill level 10 in Stealth
  6149 | D:7      | Received a gift from Nemelex Xobeh
  6162 | D:7      | Found a glowing silver altar of Zin.
  6162 | D:7      | Noticed an angel
  6341 | D:7      | Identified a +0 rod of destruction (13/13) (You found it on level 4 of the Dungeon)
  6903 | D:8      | Reached XP level 10. HP: 24/58 MP: 11/11
  7087 | D:8      | Acquired Nemelex Xobeh's third power
  7248 | D:8      | Noticed Champion's ghost (experienced OgFi)
  7273 | D:8      | HP: 2/58 [orc warrior/uncursed runed dagger (5)]
  7356 | D:8      | HP: 2/58 [Champion's ghost (17)]
  7377 | D:8      | HP: 2/58 [Champion's ghost (3)]
  7385 | D:8      | Mangled by Champion's ghost

Action                   |  1- 3 |  4- 6 |  7- 9 | 10-12 || total
-------------------------+-------+-------+-------+-------++-------
Melee: Dagger            |    64 |    79 |   356 |    52 ||   551
 Fire: Blowgun           |     1 |     2 |       |       ||     3
Throw: Dart              |       |    29 |   107 |    23 ||   159
Evoke: Deck              |       |       |     2 |       ||     2
  Use: Scroll            |       |     2 |    19 |     6 ||    27
       Potion            |       |       |     5 |     7 ||    12
 Stab: Sleeping          |     9 |     7 |     7 |       ||    23
       Distracted        |       |     1 |       |       ||     1
